Blackhawks vs Panthers

Created - 15 janvier 2017 at 19:53

Goals
1 2 3 OT1 T
Blackhawks 2 2 1 1 6
Panthers 1 1 3 0 5
Shots
1 2 3 OT1 T
Blackhawks 10 10 8 1 29
Panthers 7 11 13 0 31

1st period

1. Blackhawks , Denis Grebeshkov 4 (Kyle Brodziak, Oleg Saprykin) at 5:42
2. Panthers , Guillaume Latendresse 14 (Sidney Crosby, Brad Stuart) at 13:09
3. Blackhawks , Patrick Kane 21 (Antoine Roussel) at 13:23

Penalties :
No Penalty

2nd period

4. Blackhawks , Patrick Kane 22 (Derick Brassard) at 2:05
5. Blackhawks , Jonathan Toews 15 (Patrick Kane, Ryan Hollweg) at 16:14 (PP)
6. Panthers , Shawn Horcoff 5 (Jeff Tambellini, Alexander Perezhogin) at 18:49

Penalties :
Sergei Samsonov (Flo) for Tripping (Minor) at 4:39, Kyle Brodziak (Chi) for Hooking (Minor) at 9:10, Keith Kinkaid (Flo) for Slashing (Minor) at 11:15 - Brad Stuart served the penalty, Keith Kinkaid (Flo) for Delaying the game (Minor) at 15:37 - Guillaume Latendresse served the penalty

3rd period

7. Panthers , Sidney Crosby 14 (Marian Hossa, Guillaume Latendresse) at 4:53
8. Panthers , Matthew Spiller 1 (Marian Hossa, Sidney Crosby) at 13:56 (PP)
9. Panthers , Jeff Tambellini 9 (Shawn Horcoff) at 14:51
10. Blackhawks , Antoine Roussel 11 (Patrick Kane, Derick Brassard) at 19:18

Penalties :
Patrick Kane (Chi) for Diving (Minor) at 5:15, Niclas Bergfors (Chi) for Boarding (Minor) at 13:40

Overtime #1

11. Blackhawks , Joni Pitkanen 1 (Peter Regin, Tomas Fleischmann) at 1:26

Penalties :
No Penalty

Goalie Stats

Al Montoya (Chi), 26 saves from 31 shots - (0,839), W, 2-2-0, 61:04 minutes
Antti Niemi (Flo), 9 saves from 11 shots - (0,818), OTL, 12-9-3, 25:12 minutes
Keith Kinkaid (Flo), 14 saves from 18 shots - (0,778), 36:14 minutes

Players Stats for Blackhawks

Player Name              G  A  P  +/- PIM S  H  SB GA TA FO     MP     PP MP  PK MP  
------------------------------------------------------------------------------------
Antoine Roussel          1  1  2   3  0   2  3  1  0  2  1/1    20:21   2:28   0:46 
Brendan Bell             0  0  0   0  0   0  1  0  0  0  0/0    14:32   0:00   1:14 
Carson Mcmillan          0  0  0  -1  0   2  0  0  0  0  0/0    10:06   0:00   0:00 
Dave Tanabe              0  0  0   0  0   0  0  2  0  0  0/0    15:15   1:44   0:00 
Denis Grebeshkov         1  0  1   0  0   1  1  0  2  0  0/0    20:47   1:44   1:14 
Derick Brassard          0  2  2   3  0   1  1  1  0  0  11/27  19:35   2:28   0:00 
Ian White                0  0  0   1  0   1  3  3  0  1  0/0    24:41   2:51   0:00 
Jonathan Toews           1  0  1  -1  0   4  1  0  0  0  3/9    16:32   2:07   0:59 
Joni Pitkanen            1  0  1   1  0   2  3  1  2  0  0/0    27:25   2:51   3:00 
Kurt Sauer               0  0  0   0  0   0  1  4  0  0  0/0    20:12   0:00   3:00 
Kyle Brodziak            0  1  1  -1  2   0  1  0  0  0  1/2    10:05   0:00   0:00 
Niclas Bergfors          0  0  0  -1  2   3  3  0  0  0  2/3    15:08   2:28   0:00 
Oleg Saprykin            0  1  1  -1  0   0  1  1  0  0  1/1    12:54   0:00   2:28 
Patrick Kaleta           0  0  0  -1  0   1  0  1  0  0  0/0    12:36   0:00   0:54 
Patrick Kane             2  2  4   3  2   8  3  1  0  1  0/1    19:09   2:07   0:00 
Peter Regin              0  1  1   0  0   1  2  0  0  0  3/6    14:19   0:00   2:21 
Ryan Hollweg             0  1  1  -1  0   2  0  0  1  0  0/1    15:52   2:07   1:00 
Tomas Fleischmann        0  1  1   0  0   1  0  1  1  0  0/0    11:58   0:00   0:00 

Players Stats for Panthers

Player Name              G  A  P  +/- PIM S  H  SB GA TA FO     MP     PP MP  PK MP  
------------------------------------------------------------------------------------
Alexander Perezhogin     0  1  1   2  0   1  0  0  0  0  0/0    11:57   0:00   0:00 
Brad Stuart              0  1  1   2  0   1  3  0  0  0  0/0    14:26   1:14   0:41 
Erik Gudbranson          0  0  0  -1  0   3  0  1  0  0  0/0    26:26   2:56   1:24 
Guillaume Latendresse    1  1  2  -1  0   5  1  0  1  3  1/1    22:30   2:27   2:13 
Jeff Tambellini          1  1  2   1  0   4  2  0  0  0  0/0    13:03   0:00   0:43 
Keith Aulie              0  0  0  -2  0   1  0  3  1  1  0/0    21:46   0:26   3:11 
Marian Hossa             0  2  2  -1  0   2  0  1  0  0  1/2    19:52   2:27   0:00 
Matt Halischuk           0  0  0  -1  0   1  0  0  0  1  0/0     8:08   0:00   0:00 
Matthew Spiller          1  0  1  -1  0   1  0  2  0  1  0/0    28:07   2:42   3:11 
Mike Fisher              0  0  0  -2  0   1  1  0  0  0  0/2     8:45   0:00   0:17 
Nick Schultz             0  0  0   2  0   1  0  1  0  0  0/0    13:43   1:10   0:13 
Peter Prucha             0  0  0   0  0   2  1  0  1  0  1/1    15:44   1:47   0:00 
Radko Gudas              0  0  0  -2  0   1  2  0  0  0  0/0    18:27   0:00   0:30 
Ryan Bayda               0  0  0  -1  0   1  1  0  0  0  0/0     9:21   0:00   1:10 
Scott Gomez              0  0  0  -1  0   1  1  1  0  0  5/8    17:52   1:47   1:15 
Sergei Samsonov          0  0  0   0  2   0  2  0  1  0  0/0    16:28   1:47   0:42 
Shawn Horcoff            1  1  2   2  0   3  1  0  0  0  3/6    11:57   0:00   0:00 
Sidney Crosby            1  2  3   0  0   2  2  3  0  0  18/31  22:36   2:27   2:50 

3 Stars

1 - Patrick Kane (Chi)
2 - Antoine Roussel (Chi)
3 - Sidney Crosby (Flo)

Power Play

Blackhawks - 1 on 3 Attempt(s) - 33,33%
Panthers - 1 on 3 Attempt(s) - 33,33%

Penalty Kill

Blackhawks - 2 on 3 Attempt(s) - 66,67% - Score 0 goal in Penalty Kill
Panthers - 2 on 3 Attempt(s) - 66,67% - Score 0 goal in Penalty Kill

Team Stat

Blackhawks - Hits : 24 - Faceoff Wins : 22 - Blocked Shots : 16 - Penalty Minutes : 6
Panthers - Hits : 17 - Faceoff Wins : 29 - Blocked Shots : 12 - Penalty Minutes : 6

Official

Referees : Pochmara Brian and Leggo Mike
Linesman : David Brisebois and Mark Wheler

Game Notes

Antti Niemi enters game at 16:14 of 2nd period

Finance

Level 1 -- Attendance: 5978 (99,63%) -- Ticket Income 496 174 $
Level 2 -- Attendance: 5000 (100,00%) -- Ticket Income 250 000 $
Level 3 -- Attendance: 1232 (61,60%) -- Ticket Income 51 744 $
Level 4 -- Attendance: 2812 (70,30%) -- Ticket Income 75 924 $
Luxury Box -- Attendance: 923 (92,30%) -- Ticket Income 129 220 $
Game was played at the Bank Atlantic Cente.
Total Attendance: 15945 (88,58%)
Total Ticket Income: 1 003 062 $
Other Income: 150 459 $
Total Income: 1 153 521 $

Blackhawks

5 vs 5 Forward 
   Center                   Left Wing                Right Wing               Time % Phy DF OF 
 1 Derick Brassard          Antoine Roussel          Patrick Kane             40     1   2  2  
 2 Jonathan Toews           Ryan Hollweg             Niclas Bergfors          30     1   2  2  
 3 Peter Regin              Tomas Fleischmann        Patrick Kaleta           20     1   2  2  
 4 Kyle Brodziak            Oleg Saprykin            Carson Mcmillan          10     1   2  2  

5 vs 5 Defense 
   Defense                  Defense                                           Time % Phy DF OF 
 1 Ian White                Joni Pitkanen                                     40     1   2  2  
 2 Kurt Sauer               Denis Grebeshkov                                  30     1   2  2  
 3 Dave Tanabe              Brendan Bell                                      20     1   2  2  
 4 Ian White                Joni Pitkanen                                     10     1   2  2  

PowerPlay Forward 
   Center                   Left Wing                Right Wing               Time % Phy DF OF 
 1 Derick Brassard          Antoine Roussel          Niclas Bergfors          60     1   2  2  
 2 Jonathan Toews           Ryan Hollweg             Patrick Kane             40     1   2  2  

PowerPlay Defense
   Defense                  Defense                                           Time % Phy DF OF 
 1 Ian White                Joni Pitkanen                                     60     1   2  2  
 2 Dave Tanabe              Denis Grebeshkov                                  40     1   2  2  

Penalty Kill 4 Players Forward 
   Center                   Wing                     Time % Phy DF OF 
 1 Peter Regin              Oleg Saprykin            60     1   2  2  
 2 Jonathan Toews           Antoine Roussel          40     1   2  2  

Penalty Kill 4 Players Defense
   Defense                  Defense                  Time % Phy DF OF 
 1 Kurt Sauer               Joni Pitkanen            60     1   2  2  
 2 Brendan Bell             Denis Grebeshkov         40     1   2  2  

Penalty Kill - 3 Players Forward 
   Forward                                           Time % Phy DF OF 
 1 Peter Regin                                       60     1   2  2  
 2 Jonathan Toews                                    40     1   2  2  

Penalty Kill - 3 Players Defense
   Defense                  Defense                  Time % Phy DF OF 
 1 Kurt Sauer               Joni Pitkanen            60     1   2  2  
 2 Brendan Bell             Denis Grebeshkov         40     1   2  2  

4 vs 4 Forward 
   Center                   Wing                     Time % Phy DF OF 
 1 Derick Brassard          Antoine Roussel          60     1   2  2  
 2 Jonathan Toews           Patrick Kane             40     1   2  2  

4 vs 4 Defense
   Defense                  Defense                  Time % Phy DF OF 
 1 Ian White                Joni Pitkanen            60     1   2  2  
 2 Kurt Sauer               Denis Grebeshkov         40     1   2  2  

Last Minutes Offensive
   Center                   Left Wing                Right Wing               Defense                  Defense                  
   Derick Brassard          Antoine Roussel          Patrick Kane             Ian White                Joni Pitkanen            

Last Minutes Defensive
   Center                   Left Wing                Right Wing               Defense                  Defense                  
   Jonathan Toews           Antoine Roussel          Patrick Kane             Ian White                Joni Pitkanen            

Goaltenders
Starting : Al Montoya               
Backup : Jimmy Howard             

Extra Forwards
Normal : Tomas Fleischmann, Peter Regin, Patrick Kaleta - PP : Tomas Fleischmann, Peter Regin - PK : Patrick Kaleta
Extra Defensemen
Normal : Joni Pitkanen, Denis Grebeshkov, Kurt Sauer - PP : Joni Pitkanen - PK : Denis Grebeshkov, Kurt Sauer
Penalty Shots
Patrick Kane, Derick Brassard, Jonathan Toews, Niclas Bergfors, Antoine Roussel

Panthers

5 vs 5 Forward 
   Center                   Left Wing                Right Wing               Time % Phy DF OF 
 1 Sidney Crosby            Guillaume Latendresse    Marian Hossa             40     0   2  3  
 2 Scott Gomez              Sergei Samsonov          Peter Prucha             30     0   2  3  
 3 Shawn Horcoff            Jeff Tambellini          Alexander Perezhogin     20     0   3  2  
 4 Mike Fisher              Ryan Bayda               Matt Halischuk           10     1   2  2  

5 vs 5 Defense 
   Defense                  Defense                                           Time % Phy DF OF 
 1 Erik Gudbranson          Matthew Spiller                                   40     0   2  3  
 2 Radko Gudas              Keith Aulie                                       30     0   2  3  
 3 Brad Stuart              Nick Schultz                                      20     1   2  2  
 4 Erik Gudbranson          Matthew Spiller                                   10     0   2  3  

PowerPlay Forward 
   Center                   Left Wing                Right Wing               Time % Phy DF OF 
 1 Sidney Crosby            Guillaume Latendresse    Marian Hossa             60     0   1  4  
 2 Scott Gomez              Sergei Samsonov          Peter Prucha             40     0   1  4  

PowerPlay Defense
   Defense                  Defense                                           Time % Phy DF OF 
 1 Erik Gudbranson          Matthew Spiller                                   60     0   2  3  
 2 Matthew Spiller          Nick Schultz                                      40     0   2  3  

Penalty Kill 4 Players Forward 
   Center                   Wing                     Time % Phy DF OF 
 1 Sidney Crosby            Guillaume Latendresse    60     1   4  0  
 2 Scott Gomez              Sergei Samsonov          40     1   4  0  

Penalty Kill 4 Players Defense
   Defense                  Defense                  Time % Phy DF OF 
 1 Keith Aulie              Matthew Spiller          60     1   4  0  
 2 Erik Gudbranson          Brad Stuart              40     1   4  0  

Penalty Kill - 3 Players Forward 
   Forward                                           Time % Phy DF OF 
 1 Scott Gomez                                       60     1   4  0  
 2 Sidney Crosby                                     40     1   4  0  

Penalty Kill - 3 Players Defense
   Defense                  Defense                  Time % Phy DF OF 
 1 Keith Aulie              Matthew Spiller          60     1   4  0  
 2 Erik Gudbranson          Brad Stuart              40     1   4  0  

4 vs 4 Forward 
   Center                   Wing                     Time % Phy DF OF 
 1 Sidney Crosby            Guillaume Latendresse    60     0   2  3  
 2 Scott Gomez              Marian Hossa             40     0   2  3  

4 vs 4 Defense
   Defense                  Defense                  Time % Phy DF OF 
 1 Erik Gudbranson          Matthew Spiller          60     1   2  2  
 2 Radko Gudas              Keith Aulie              40     1   2  2  

Last Minutes Offensive
   Center                   Left Wing                Right Wing               Defense                  Defense                  
   Sidney Crosby            Guillaume Latendresse    Marian Hossa             Erik Gudbranson          Matthew Spiller          

Last Minutes Defensive
   Center                   Left Wing                Right Wing               Defense                  Defense                  
   Scott Gomez              Guillaume Latendresse    Marian Hossa             Erik Gudbranson          Matthew Spiller          

Goaltenders
Starting : Keith Kinkaid            
Backup : Antti Niemi              

Extra Forwards
Normal : Scott Gomez, Guillaume Latendresse, Marian Hossa - PP : Scott Gomez, Ryan Bayda - PK : Ryan Bayda
Extra Defensemen
Normal : Keith Aulie, Erik Gudbranson, Radko Gudas - PP : Nick Schultz - PK : Radko Gudas, Brad Stuart
Penalty Shots
Sidney Crosby, Sergei Samsonov, Peter Prucha, Marian Hossa, Jeff Tambellini

% Time on Ice - Blackhawks

Lines # - Real PCT - Wanted PCT - Time Play
Normal Forward
1 - 32% - 40% - 16:25
2 - 25% - 30% - 12:45
3 - 22% - 20% - 11:23
4 - 20% - 10% - 10:06
Normal Defense
1 - 38% - 40% - 19:06
2 - 33% - 30% - 16:50
3 - 26% - 20% - 13:14
4 - 3% - 10% - 1:29
PP Forward
1 - 54% - 60% - 2:28
2 - 46% - 40% - 2:07
PP Defense
1 - 62% - 60% - 2:51
2 - 38% - 40% - 1:44
PK Forward
1 - 82% - 60% - 3:28
2 - 18% - 40% - 0:46
PK Defense
1 - 71% - 60% - 3:00
2 - 29% - 40% - 1:14
PK3 Forward
1 - 0% - 60%
2 - 0% - 40%
PK3 Defense
1 - 0% - 60%
2 - 0% - 40%
44 Forward
1 - 76% - 60% - 1:05
2 - 24% - 40% - 0:21
44 Defense
1 - 73% - 60% - 1:03
2 - 27% - 40% - 0:23
Last Minute Offensive  - 0:32
Last Minute Defensive  - 0:00
Total
Forward - 61:26
Defense - 61:26

% Time on Ice - Panthers

Lines # - Real PCT - Wanted PCT - Time Play
Normal Forward
1 - 33% - 40% - 16:38
2 - 28% - 30% - 13:57
3 - 24% - 20% - 11:57
4 - 16% - 10% - 8:08
Normal Defense
1 - 38% - 40% - 19:02
2 - 35% - 30% - 17:50
3 - 24% - 20% - 12:10
4 - 3% - 10% - 1:38
PP Forward
1 - 58% - 60% - 2:27
2 - 42% - 40% - 1:47
PP Defense
1 - 80% - 60% - 3:22
2 - 20% - 40% - 0:52
PK Forward
1 - 73% - 60% - 3:20
2 - 27% - 40% - 1:15
PK Defense
1 - 69% - 60% - 3:11
2 - 31% - 40% - 1:24
PK3 Forward
1 - 0% - 60%
2 - 0% - 40%
PK3 Defense
1 - 0% - 60%
2 - 0% - 40%
44 Forward
1 - 74% - 60% - 1:04
2 - 26% - 40% - 0:22
44 Defense
1 - 80% - 60% - 1:09
2 - 20% - 40% - 0:17
Last Minute Offensive  - 0:00
Last Minute Defensive  - 0:31
Total
Forward - 61:26
Defense - 61:26

Play by Play

1st period


0:01 of 1st period - Derick Brassard wins face-off versus Marian Hossa in neutral zone.
0:06 of 1st period - Snap shot by Patrick Kane.
0:06 of 1st period - Stopped by Keith Kinkaid with a rebound.
0:38 of 1st period - Snap shot by Jonathan Toews.
0:38 of 1st period - Stopped by Keith Kinkaid without a rebound.
0:39 of 1st period - Shawn Horcoff wins face-off versus Peter Regin in Panthers zone.
0:54 of 1st period - Wrist shot by Alexander Perezhogin.
0:54 of 1st period - Shot Misses the Net.
1:30 of 1st period - Snap shot by Ryan Hollweg.
1:30 of 1st period - Stopped by Keith Kinkaid with a rebound.
2:14 of 1st period - Snap shot by Shawn Horcoff.
2:14 of 1st period - Deflect By Jeff Tambellini.
2:14 of 1st period - Stopped by Al Montoya with a rebound.
2:16 of 1st period - Wrist shot by Brad Stuart.
2:16 of 1st period - Stopped by Al Montoya with a rebound.
2:28 of 1st period - Snap shot by Kyle Brodziak.
2:28 of 1st period - Shot Blocked by Nick Schultz.
2:34 of 1st period - Dave Tanabe is hit by Ryan Bayda and loses puck.
3:35 of 1st period - Slapshot by Joni Pitkanen.
3:35 of 1st period - Stopped by Keith Kinkaid with a rebound.
3:37 of 1st period - Wrist shot by Tomas Fleischmann.
3:37 of 1st period - Stopped by Keith Kinkaid without a rebound.
3:38 of 1st period - Sidney Crosby wins face-off versus Jonathan Toews in Panthers zone.
4:18 of 1st period - Erik Gudbranson is hit by Antoine Roussel and loses puck.
4:45 of 1st period - Snap shot by Patrick Kane.
4:45 of 1st period - Shot Misses the Net.
4:50 of 1st period - Off-side.
4:51 of 1st period - Jonathan Toews wins face-off versus Sidney Crosby in neutral zone.
5:02 of 1st period - Denis Grebeshkov is hit by Guillaume Latendresse and loses puck.
5:17 of 1st period - Tomas Fleischmann is hit by Shawn Horcoff and loses puck.
5:26 of 1st period - Snap shot by Alexander Perezhogin.
5:26 of 1st period - Shot Blocked by Tomas Fleischmann.
5:42 of 1st period - Slapshot by Denis Grebeshkov.
5:42 of 1st period - Goal by Denis Grebeshkov - Blackhawks : 1 - Panthers : 0.
5:43 of 1st period - Derick Brassard wins face-off versus Sidney Crosby in neutral zone.
8:19 of 1st period - Snap shot by Carson Mcmillan.
8:19 of 1st period - Stopped by Keith Kinkaid with a rebound.
8:47 of 1st period - Snap shot by Ryan Hollweg.
8:47 of 1st period - Shot Misses the Net.
8:49 of 1st period - Snap shot by Ryan Hollweg.
8:49 of 1st period - Shot Misses the Net.
10:03 of 1st period - Shawn Horcoff is hit by Brendan Bell and loses puck.
10:08 of 1st period - Wrist shot by Patrick Kane.
10:08 of 1st period - Shot Misses the Net.
10:56 of 1st period - Brad Stuart is hit by Jonathan Toews and loses puck.
11:25 of 1st period - Patrick Kane is hit by Sidney Crosby and loses puck.
11:33 of 1st period - Icing by Antoine Roussel.
11:34 of 1st period - Derick Brassard wins face-off versus Mike Fisher in Blackhawks zone.
11:34 of 1st period - Derick Brassard is hit by Mike Fisher.
12:50 of 1st period - Off-side.
12:51 of 1st period - Jonathan Toews wins face-off versus Sidney Crosby in neutral zone.
12:56 of 1st period - Slapshot by Ryan Hollweg.
12:56 of 1st period - Stopped by Keith Kinkaid without a rebound.
12:57 of 1st period - Guillaume Latendresse wins face-off versus Ryan Hollweg in Panthers zone.
13:07 of 1st period - Snap shot by Sidney Crosby.
13:07 of 1st period - Shot Misses the Net.
13:09 of 1st period - Wrist shot by Sidney Crosby.
13:09 of 1st period - Deflect By Guillaume Latendresse.
13:09 of 1st period - Goal by Guillaume Latendresse - Blackhawks : 1 - Panthers : 1.
13:10 of 1st period - Sidney Crosby wins face-off versus Derick Brassard in neutral zone.
13:17 of 1st period - Wrist shot by Guillaume Latendresse.
13:17 of 1st period - Shot Blocked by Joni Pitkanen.
13:23 of 1st period - Snap shot by Patrick Kane.
13:23 of 1st period - Goal by Patrick Kane - Blackhawks : 2 - Panthers : 1.
13:24 of 1st period - Marian Hossa wins face-off versus Derick Brassard in neutral zone.
13:51 of 1st period - Wrist shot by Scott Gomez.
13:51 of 1st period - Stopped by Al Montoya with a rebound.
14:11 of 1st period - Slapshot by Alexander Perezhogin.
14:11 of 1st period - Shot Misses the Net.
14:13 of 1st period - Snap shot by Alexander Perezhogin.
14:13 of 1st period - Shot Blocked by Kurt Sauer.
14:15 of 1st period - Snap shot by Shawn Horcoff.
14:15 of 1st period - Shot Misses the Net.
14:17 of 1st period - Snap shot by Brad Stuart.
14:17 of 1st period - Shot Blocked by Kurt Sauer.
14:19 of 1st period - Snap shot by Shawn Horcoff.
14:19 of 1st period - Stopped by Al Montoya without a rebound.
14:20 of 1st period - Derick Brassard wins face-off versus Sidney Crosby in Blackhawks zone.
14:29 of 1st period - Wrist shot by Derick Brassard.
14:29 of 1st period - Shot Misses the Net.
14:47 of 1st period - Erik Gudbranson is hit by Niclas Bergfors and loses puck.
14:52 of 1st period - Snap shot by Jonathan Toews.
14:52 of 1st period - Stopped by Keith Kinkaid without a rebound.
14:53 of 1st period - Niclas Bergfors wins face-off versus Scott Gomez in Panthers zone.
14:56 of 1st period - Slapshot by Jonathan Toews.
14:56 of 1st period - Shot Misses the Net.
15:47 of 1st period - Snap shot by Shawn Horcoff.
15:47 of 1st period - Shot Misses the Net.
16:20 of 1st period - Slapshot by Kyle Brodziak.
16:20 of 1st period - Shot Blocked by Matthew Spiller.
16:44 of 1st period - Wrist shot by Sidney Crosby.
16:44 of 1st period - Shot Misses the Net.
17:28 of 1st period - Nick Schultz is hit by Kyle Brodziak and loses puck.
18:24 of 1st period - Jeff Tambellini is hit by Peter Regin and loses puck.
18:43 of 1st period - Oleg Saprykin is hit by Brad Stuart and loses puck.
18:48 of 1st period - Snap shot by Ryan Bayda.
18:48 of 1st period - Shot Misses the Net.
18:50 of 1st period - Snap shot by Ryan Bayda.
18:50 of 1st period - Deflect By Mike Fisher.
18:50 of 1st period - Stopped by Al Montoya with a rebound.
18:52 of 1st period - Slapshot by Matthew Spiller.
18:52 of 1st period - Shot Misses the Net.
18:54 of 1st period - Slapshot by Nick Schultz.
18:54 of 1st period - Stopped by Al Montoya with a rebound.
19:36 of 1st period - Slapshot by Ian White.
19:36 of 1st period - Shot Blocked by Sidney Crosby.
19:38 of 1st period - Slapshot by Kyle Brodziak.
19:38 of 1st period - Shot Misses the Net.
Goals for this period are 2 for Blackhawks vs 1 for Panthers.
Shots for this period are 10 for Blackhawks vs 7 for Panthers.

2nd period


0:01 of 2nd period - Sidney Crosby wins face-off versus Derick Brassard in neutral zone.
0:13 of 2nd period - Snap shot by Marian Hossa.
0:13 of 2nd period - Stopped by Al Montoya with a rebound.
0:27 of 2nd period - Matthew Spiller is hit by Ian White and loses puck.
0:32 of 2nd period - Backhand shot by Niclas Bergfors.
0:32 of 2nd period - Stopped by Keith Kinkaid with a rebound.
0:34 of 2nd period - Snap shot by Niclas Bergfors.
0:34 of 2nd period - Shot Blocked by Erik Gudbranson.
0:36 of 2nd period - Snap shot by Niclas Bergfors.
0:36 of 2nd period - Shot Misses the Net.
0:56 of 2nd period - Shawn Horcoff is hit by Oleg Saprykin.
1:30 of 2nd period - Peter Regin is hit by Brad Stuart and loses puck.
1:51 of 2nd period - Off-side.
1:52 of 2nd period - Derick Brassard wins face-off versus Sidney Crosby in neutral zone.
1:57 of 2nd period - Wrist shot by Patrick Kane.
1:57 of 2nd period - Shot Blocked by Sidney Crosby.
2:05 of 2nd period - Snap shot by Patrick Kane.
2:05 of 2nd period - Goal by Patrick Kane - Blackhawks : 3 - Panthers : 1.
2:06 of 2nd period - Sidney Crosby wins face-off versus Derick Brassard in neutral zone.
2:38 of 2nd period - Slapshot by Niclas Bergfors.
2:38 of 2nd period - Stopped by Keith Kinkaid with a rebound.
2:40 of 2nd period - Snap shot by Ryan Hollweg.
2:40 of 2nd period - Deflect By Niclas Bergfors.
2:40 of 2nd period - Shot Blocked by Keith Aulie.
2:40 of 2nd period - Puck is out of play.
2:41 of 2nd period - Niclas Bergfors wins face-off versus Sidney Crosby in Panthers zone.
2:54 of 2nd period - Wrist shot by Guillaume Latendresse.
2:54 of 2nd period - Stopped by Al Montoya with a rebound.
3:06 of 2nd period - Keith Aulie is hit by Patrick Kane and loses puck.
3:38 of 2nd period - Slapshot by Patrick Kaleta.
3:38 of 2nd period - Shot Blocked by Keith Aulie.
3:58 of 2nd period - Slapshot by Marian Hossa.
3:58 of 2nd period - Stopped by Al Montoya with a rebound.
4:01 of 2nd period - Icing by Dave Tanabe.
4:02 of 2nd period - Scott Gomez wins face-off versus Jonathan Toews in Blackhawks zone.
4:14 of 2nd period - Icing by Ryan Hollweg.
4:15 of 2nd period - Sidney Crosby wins face-off versus Jonathan Toews in Blackhawks zone.
4:39 of 2nd period - Minor Penalty to Sergei Samsonov for Tripping.
4:40 of 2nd period - Sidney Crosby wins face-off versus Niclas Bergfors in Panthers zone.
4:56 of 2nd period - Keith Aulie is hit by Ian White and loses puck.
5:17 of 2nd period - Snap shot by Patrick Kane.
5:17 of 2nd period - Shot Blocked by Sidney Crosby.
5:35 of 2nd period - Snap shot by Scott Gomez.
5:35 of 2nd period - Deflect By Ryan Bayda.
5:35 of 2nd period - Shot Blocked by Dave Tanabe.
5:35 of 2nd period - Puck is out of play.
5:36 of 2nd period - Derick Brassard wins face-off versus Scott Gomez in Blackhawks zone.
6:39 of 2nd period - Penalty to Sergei Samsonov is over, Sergei Samsonov is back on ice.
6:49 of 2nd period - Snap shot by Peter Prucha.
6:49 of 2nd period - Stopped by Al Montoya without a rebound.
6:50 of 2nd period - Scott Gomez wins face-off versus Peter Regin in Blackhawks zone.
7:56 of 2nd period - Snap shot by Tomas Fleischmann.
7:56 of 2nd period - Deflect By Peter Regin.
7:56 of 2nd period - Shot Misses the Net.
7:56 of 2nd period - Puck is out of play.
7:57 of 2nd period - Sidney Crosby wins face-off versus Derick Brassard in Panthers zone.
8:43 of 2nd period - Icing by Mike Fisher.
8:44 of 2nd period - Kyle Brodziak wins face-off versus Mike Fisher in Panthers zone.
9:05 of 2nd period - Wrist shot by Ryan Bayda.
9:05 of 2nd period - Stopped by Al Montoya with a rebound.
9:10 of 2nd period - Minor Penalty to Kyle Brodziak for Hooking.
9:11 of 2nd period - Sidney Crosby wins face-off versus Peter Regin in Blackhawks zone.
9:27 of 2nd period - Snap shot by Guillaume Latendresse.
9:27 of 2nd period - Stopped by Al Montoya without a rebound.
9:28 of 2nd period - Peter Regin wins face-off versus Sidney Crosby in Blackhawks zone.
9:37 of 2nd period - Slapshot by Joni Pitkanen.
9:37 of 2nd period - Shot Blocked by Marian Hossa.
9:45 of 2nd period - Peter Regin is hit by Sidney Crosby and loses puck.
9:58 of 2nd period - Joni Pitkanen is hit by Scott Gomez and loses puck.
10:59 of 2nd period - Patrick Kaleta is hit by Brad Stuart and loses puck.
11:10 of 2nd period - Penalty to Kyle Brodziak is over, Kyle Brodziak is back on ice.
11:13 of 2nd period - Icing by Peter Prucha.
11:14 of 2nd period - Derick Brassard wins face-off versus Shawn Horcoff in Panthers zone.
11:15 of 2nd period - Slapshot by Patrick Kane.
11:15 of 2nd period - Stopped by Keith Kinkaid without a rebound.
11:15 of 2nd period - Minor Penalty to Keith Kinkaid for Slashing.
11:16 of 2nd period - Sidney Crosby wins face-off versus Derick Brassard in Panthers zone.
11:16 of 2nd period - Sidney Crosby is hit by Derick Brassard.
13:13 of 2nd period - Patrick Kane is hit by Jeff Tambellini.
13:15 of 2nd period - Penalty to Brad Stuart is over, Brad Stuart is back on ice.
13:27 of 2nd period - Slapshot by Peter Regin.
13:27 of 2nd period - Stopped by Keith Kinkaid with a rebound.
13:55 of 2nd period - Brendan Bell is hit by Radko Gudas and loses puck.
15:05 of 2nd period - Wrist shot by Kyle Brodziak.
15:05 of 2nd period - Deflect By Radko Gudas.
15:05 of 2nd period - Shot Blocked by Keith Aulie.
15:05 of 2nd period - Puck is out of play.
15:06 of 2nd period - Oleg Saprykin wins face-off versus Scott Gomez in Panthers zone.
15:17 of 2nd period - Wrist shot by Matthew Spiller.
15:17 of 2nd period - Shot Blocked by Kurt Sauer.
15:19 of 2nd period - Snap shot by Sergei Samsonov.
15:19 of 2nd period - Shot Misses the Net.
15:37 of 2nd period - Wrist shot by Derick Brassard.
15:37 of 2nd period - Deflect By Antoine Roussel.
15:37 of 2nd period - Stopped by Keith Kinkaid without a rebound.
15:37 of 2nd period - Minor Penalty to Keith Kinkaid for Delaying the game.
15:38 of 2nd period - Antoine Roussel wins face-off versus Sidney Crosby in Panthers zone.
16:05 of 2nd period - Matthew Spiller is hit by Patrick Kane and loses puck.
16:12 of 2nd period - Wrist shot by Jonathan Toews.
16:12 of 2nd period - Stopped by Keith Kinkaid with a rebound.
16:14 of 2nd period - Wrist shot by Jonathan Toews.
16:14 of 2nd period - Goal by Jonathan Toews - Blackhawks : 4 - Panthers : 1.
16:14 of 2nd period - Antti Niemi enters game.
16:15 of 2nd period - Peter Prucha wins face-off versus Derick Brassard in neutral zone.
16:18 of 2nd period - Derick Brassard is hit by Sergei Samsonov and loses puck.
16:25 of 2nd period - Slapshot by Ian White.
16:25 of 2nd period - Stopped by Antti Niemi without a rebound.
16:26 of 2nd period - Sidney Crosby wins face-off versus Patrick Kane in Panthers zone.
16:53 of 2nd period - Peter Prucha is hit by Niclas Bergfors and loses puck.
17:20 of 2nd period - Snap shot by Carson Mcmillan.
17:20 of 2nd period - Stopped by Antti Niemi without a rebound.
17:21 of 2nd period - Sidney Crosby wins face-off versus Kyle Brodziak in Panthers zone.
18:21 of 2nd period - Wrist shot by Shawn Horcoff.
18:21 of 2nd period - Shot Misses the Net.
18:23 of 2nd period - Snap shot by Jeff Tambellini.
18:23 of 2nd period - Shot Blocked by Ian White.
18:25 of 2nd period - Wrist shot by Jeff Tambellini.
18:25 of 2nd period - Shot Misses the Net.
18:33 of 2nd period - Slapshot by Shawn Horcoff.
18:33 of 2nd period - Stopped by Al Montoya with a rebound.
18:35 of 2nd period - Slapshot by Alexander Perezhogin.
18:35 of 2nd period - Shot Misses the Net.
18:37 of 2nd period - Slapshot by Erik Gudbranson.
18:37 of 2nd period - Stopped by Al Montoya with a rebound.
18:49 of 2nd period - Snap shot by Shawn Horcoff.
18:49 of 2nd period - Goal by Shawn Horcoff - Blackhawks : 4 - Panthers : 2.
18:50 of 2nd period - Sidney Crosby wins face-off versus Derick Brassard in neutral zone.
19:05 of 2nd period - Wrist shot by Sidney Crosby.
19:05 of 2nd period - Shot Hit the Post.
19:40 of 2nd period - Wrist shot by Matt Halischuk.
19:40 of 2nd period - Stopped by Al Montoya without a rebound.
19:41 of 2nd period - Sidney Crosby wins face-off versus Derick Brassard in Blackhawks zone.
19:44 of 2nd period - Snap shot by Guillaume Latendresse.
19:44 of 2nd period - Stopped by Al Montoya with a rebound.
Goals for this period are 2 for Blackhawks vs 1 for Panthers.
Shots for this period are 10 for Blackhawks vs 11 for Panthers.

3rd period


0:01 of 3rd period - Derick Brassard wins face-off versus Sidney Crosby in neutral zone.
0:12 of 3rd period - Snap shot by Sidney Crosby.
0:12 of 3rd period - Shot Blocked by Antoine Roussel.
0:14 of 3rd period - Slapshot by Erik Gudbranson.
0:14 of 3rd period - Stopped by Al Montoya with a rebound.
0:26 of 3rd period - Jonathan Toews is hit by Sergei Samsonov and loses puck.
2:07 of 3rd period - Slapshot by Radko Gudas.
2:07 of 3rd period - Shot Blocked by Patrick Kane.
2:09 of 3rd period - Slapshot by Radko Gudas.
2:09 of 3rd period - Stopped by Al Montoya with a rebound.
2:11 of 3rd period - Slapshot by Keith Aulie.
2:11 of 3rd period - Shot Blocked by Ian White.
2:13 of 3rd period - Wrist shot by Keith Aulie.
2:13 of 3rd period - Stopped by Al Montoya without a rebound.
2:14 of 3rd period - Jonathan Toews wins face-off versus Shawn Horcoff in Blackhawks zone.
2:16 of 3rd period - Icing by Kurt Sauer.
2:17 of 3rd period - Sidney Crosby wins face-off versus Jonathan Toews in Blackhawks zone.
2:32 of 3rd period - Slapshot by Marian Hossa.
2:32 of 3rd period - Shot Hit the Post.
2:54 of 3rd period - Wrist shot by Antoine Roussel.
2:54 of 3rd period - Shot Misses the Net.
3:22 of 3rd period - Erik Gudbranson is hit by Joni Pitkanen and loses puck.
3:39 of 3rd period - Wrist shot by Peter Regin.
3:39 of 3rd period - Shot Misses the Net.
3:41 of 3rd period - Snap shot by Patrick Kaleta.
3:41 of 3rd period - Stopped by Antti Niemi without a rebound.
3:42 of 3rd period - Derick Brassard wins face-off versus Sidney Crosby in Panthers zone.
3:53 of 3rd period - Slapshot by Guillaume Latendresse.
3:53 of 3rd period - Stopped by Al Montoya without a rebound.
3:54 of 3rd period - Sidney Crosby wins face-off versus Derick Brassard in Blackhawks zone.
4:03 of 3rd period - Sidney Crosby is hit by Antoine Roussel and loses puck.
4:08 of 3rd period - Wrist shot by Derick Brassard.
4:08 of 3rd period - Stopped by Antti Niemi with a rebound.
4:20 of 3rd period - Nick Schultz is hit by Ian White and loses puck.
4:47 of 3rd period - Backhand shot by Guillaume Latendresse.
4:47 of 3rd period - Shot Misses the Net.
4:49 of 3rd period - Wrist shot by Marian Hossa.
4:49 of 3rd period - Shot Blocked by Ian White.
4:51 of 3rd period - Wrist shot by Marian Hossa.
4:51 of 3rd period - Shot Misses the Net.
4:53 of 3rd period - Snap shot by Sidney Crosby.
4:53 of 3rd period - Goal by Sidney Crosby - Blackhawks : 4 - Panthers : 3.
4:54 of 3rd period - Scott Gomez wins face-off versus Derick Brassard in neutral zone.
5:01 of 3rd period - Slapshot by Peter Prucha.
5:01 of 3rd period - Stopped by Al Montoya with a rebound.
5:15 of 3rd period - Minor Penalty to Patrick Kane for Diving.
5:16 of 3rd period - Peter Regin wins face-off versus Sidney Crosby in Blackhawks zone.
6:48 of 3rd period - Guillaume Latendresse is hit by Joni Pitkanen and loses puck.
7:15 of 3rd period - Penalty to Patrick Kane is over, Patrick Kane is back on ice.
7:34 of 3rd period - Off-side.
7:35 of 3rd period - Derick Brassard wins face-off versus Shawn Horcoff in neutral zone.
8:09 of 3rd period - Snap shot by Tomas Fleischmann.
8:09 of 3rd period - Shot Misses the Net.
8:21 of 3rd period - Wrist shot by Niclas Bergfors.
8:21 of 3rd period - Stopped by Antti Niemi without a rebound.
8:22 of 3rd period - Scott Gomez wins face-off versus Jonathan Toews in Panthers zone.
8:44 of 3rd period - Slapshot by Ian White.
8:44 of 3rd period - Shot Blocked by Matthew Spiller.
8:46 of 3rd period - Snap shot by Jonathan Toews.
8:46 of 3rd period - Shot Misses the Net.
8:48 of 3rd period - Backhand shot by Denis Grebeshkov.
8:48 of 3rd period - Deflect By Jonathan Toews.
8:48 of 3rd period - Shot Misses the Net.
8:48 of 3rd period - Puck is out of play.
8:49 of 3rd period - Derick Brassard wins face-off versus Sidney Crosby in Panthers zone.
9:08 of 3rd period - Nick Schultz is hit by Joni Pitkanen and loses puck.
9:49 of 3rd period - Peter Prucha is hit by Niclas Bergfors and loses puck.
10:45 of 3rd period - Wrist shot by Shawn Horcoff.
10:45 of 3rd period - Shot Misses the Net.
10:47 of 3rd period - Wrist shot by Jeff Tambellini.
10:47 of 3rd period - Stopped by Al Montoya without a rebound.
10:48 of 3rd period - Shawn Horcoff wins face-off versus Jonathan Toews in Blackhawks zone.
11:20 of 3rd period - Slapshot by Erik Gudbranson.
11:20 of 3rd period - Stopped by Al Montoya with a rebound.
11:26 of 3rd period - Sidney Crosby is hit by Antoine Roussel and loses puck.
11:37 of 3rd period - Dave Tanabe is hit by Peter Prucha and loses puck.
11:44 of 3rd period - Matthew Spiller is hit by Peter Regin and loses puck.
12:07 of 3rd period - Snap shot by Mike Fisher.
12:07 of 3rd period - Shot Misses the Net.
12:09 of 3rd period - Slapshot by Mike Fisher.
12:09 of 3rd period - Shot Blocked by Dave Tanabe.
12:44 of 3rd period - Snap shot by Patrick Kane.
12:44 of 3rd period - Stopped by Antti Niemi without a rebound.
12:45 of 3rd period - Scott Gomez wins face-off versus Derick Brassard in Panthers zone.
13:40 of 3rd period - Minor Penalty to Niclas Bergfors for Boarding.
13:41 of 3rd period - Peter Regin wins face-off versus Sidney Crosby in Blackhawks zone.
13:48 of 3rd period - Wrist shot by Marian Hossa.
13:48 of 3rd period - Shot Misses the Net.
13:50 of 3rd period - Snap shot by Marian Hossa.
13:50 of 3rd period - Shot Blocked by Kurt Sauer.
13:52 of 3rd period - Snap shot by Matthew Spiller.
13:52 of 3rd period - Shot Blocked by Oleg Saprykin.
13:54 of 3rd period - Backhand shot by Marian Hossa.
13:54 of 3rd period - Shot Misses the Net.
13:56 of 3rd period - Slapshot by Matthew Spiller.
13:56 of 3rd period - Goal by Matthew Spiller - Blackhawks : 4 - Panthers : 4.
13:57 of 3rd period - Sidney Crosby wins face-off versus Derick Brassard in neutral zone.
14:46 of 3rd period - Patrick Kaleta is hit by Jeff Tambellini and loses puck.
14:51 of 3rd period - Snap shot by Jeff Tambellini.
14:51 of 3rd period - Goal by Jeff Tambellini - Blackhawks : 4 - Panthers : 5.
14:52 of 3rd period - Sidney Crosby wins face-off versus Derick Brassard in neutral zone.
15:04 of 3rd period - Wrist shot by Sidney Crosby.
15:04 of 3rd period - Stopped by Al Montoya with a rebound.
15:28 of 3rd period - Backhand shot by Alexander Perezhogin.
15:28 of 3rd period - Shot Blocked by Patrick Kaleta.
15:42 of 3rd period - Scott Gomez is hit by Denis Grebeshkov and loses puck.
15:49 of 3rd period - Denis Grebeshkov is hit by Radko Gudas and loses puck.
16:24 of 3rd period - Wrist shot by Patrick Kane.
16:24 of 3rd period - Deflect By Nick Schultz.
16:24 of 3rd period - Stopped by Antti Niemi with a rebound.
16:28 of 3rd period - Slapshot by Patrick Kane.
16:28 of 3rd period - Shot Misses the Net.
18:53 of 3rd period - Matthew Spiller is hit by Patrick Kane and loses puck.
18:56 of 3rd period - Blackhawks, Al Montoya is pulled from the net.
19:02 of 3rd period - Wrist shot by Patrick Kane.
19:02 of 3rd period - Stopped by Antti Niemi with a rebound.
19:04 of 3rd period - Snap shot by Patrick Kane.
19:04 of 3rd period - Shot Misses the Net.
19:06 of 3rd period - Snap shot by Patrick Kane.
19:06 of 3rd period - Shot Blocked by Scott Gomez.
19:12 of 3rd period - Slapshot by Patrick Kane.
19:12 of 3rd period - Shot Misses the Net.
19:14 of 3rd period - Snap shot by Patrick Kane.
19:14 of 3rd period - Stopped by Antti Niemi with a rebound.
19:16 of 3rd period - Wrist shot by Antoine Roussel.
19:16 of 3rd period - Shot Misses the Net.
19:18 of 3rd period - Wrist shot by Antoine Roussel.
19:18 of 3rd period - Goal by Antoine Roussel - Blackhawks : 5 - Panthers : 5.
19:18 of 3rd period - Al Montoya from Blackhawks was sent back in the game.
19:19 of 3rd period - Shawn Horcoff wins face-off versus Derick Brassard in neutral zone.
19:24 of 3rd period - Wrist shot by Shawn Horcoff.
19:24 of 3rd period - Shot Blocked by Derick Brassard.
19:26 of 3rd period - Slapshot by Alexander Perezhogin.
19:26 of 3rd period - Stopped by Al Montoya with a rebound.
19:28 of 3rd period - Snap shot by Keith Aulie.
19:28 of 3rd period - Deflect By Jeff Tambellini.
19:28 of 3rd period - Stopped by Al Montoya with a rebound.
19:44 of 3rd period - Sidney Crosby is hit by Kurt Sauer and loses puck.
Goals for this period are 1 for Blackhawks vs 3 for Panthers.
Shots for this period are 8 for Blackhawks vs 13 for Panthers.

Overtime #1


0:01 of 1st overtime period - Sidney Crosby wins face-off versus Derick Brassard in neutral zone.
1:26 of 1st overtime period - Slapshot by Joni Pitkanen.
1:26 of 1st overtime period - Goal by Joni Pitkanen - Blackhawks : 6 - Panthers : 5.
Goals for this period are 1 for Blackhawks vs 0 for Panthers.
Shots for this period are 1 for Blackhawks vs 0 for Panthers.